 Dungeon Crawl Stone Soup version 0.23-b1-67-g8bd44de (webtiles) character file.

Game seed: 14084798942372510743

17 doot the Insei (level 2, -9/21 HPs)
             Began as a Merfolk Transmuter on Feb 6, 2019.
             Shot with a sling bullet by Joseph (12 damage)
             ... on level 7 of the Dungeon.
             The game lasted 00:03:14 (1193 turns).

doot the Insei (Merfolk Transmuter)                 Turns: 1193, Time: 00:03:15

Health: -9/21      AC:  2    Str: 10    XL:     2   Next: 62%
Magic:  1/5        EV: 13    Int:  7    God:
Gold:   89         SH:  0    Dex: 14    Spells: 2/5 levels left

rFire    + + +     SeeInvis .   l - +3 rapier "Vaozien" {pierce, +Blink rPois rF+++ Int-5}
rCold    + . .     Gourm    .   (no shield)
rNeg     . . .     Faith    .   e - +0 robe {rC+}
rPois    +         Spirit   .   (no helmet)
rElec    .         Reflect  .   (no cloak)
rCorr    .         Harm     .   (no gloves)
MR       .....                  (no boots)
Stlth    +.........             (no amulet)
HPRegen  0.07/turn              (no ring)
MPRegen  0.09/turn              (no ring)

@: about to teleport, very slightly contaminated
A: change form in water, swift swim, stealthy swim
a: Evoke Blink


You were on level 7 of the Dungeon.
You were very hungry.

You visited 1 branch of the dungeon, and saw 5 of its levels.

You collected 89 gold pieces.

Inventory:

Hand Weapons
 l - the +3 rapier "Vaozien" (weapon) {pierce, +Blink rPois rF+++ Int-5}
   (You found it on level 6 of the Dungeon)

   It inflicts extra damage upon your enemies.
   It affects your intelligence (-5).
   It renders you almost immune to fire.
   It protects you from poison.
   It lets you blink.
Missiles
 a - 41 arrows
Armour
 b - a +0 robe
 e - a +0 robe of cold resistance (worn)
Scrolls
 f - a scroll of enchant armour {unknown}
 i - 2 scrolls of identify {unknown}
 j - a scroll of noise {unknown}
Potions
 c - a potion of haste {unknown}
 k - a potion of curing {unknown}
 m - a potion of ambrosia {unknown}
Comestibles
 d - 2 rations


   Skills:
 + Level 1.1 Fighting
 + Level 3.0 Dodging
 + Level 3.7 Unarmed Combat
 + Level 2.2 Spellcasting
 + Level 3.0 Transmutations


You had 2 spell levels left.
You knew the following spells:

 Your Spells              Type           Power        Failure   Level  Hunger
a - Beastly Appendage     Tmut           #.....       11%         1    ##.....
b - Sticks to Snakes      Tmut           #.......     16%         2    ###....

Your spell library contained the following spells:

 Spells                   Type           Power        Failure   Level  Hunger
 Spider Form              Tmut/Pois      #.........   52%         3    ####...
 Ice Form                 Ice/Tmut       #.......     90%         4    #####..
 Blade Hands              Tmut           #.........   96%         5    ######.


Dungeon Overview and Level Annotations

Branches:
Dungeon (6/15)             Temple (0/1) D:7

Altars:

Annotations:
D:6 2 transporters
D:7 Joseph


Message History

Confirm with . or Enter, or press ? or * to list all spells.
You miscast Sticks to Snakes.
You are very lightly contaminated with residual magic.
Nothing appears to happen.
Something unseen opens the door.
Your ball python closely misses the worker ant.
Your ball python grabs the worker ant.
Your ball python constricts the worker ant.
The worker ant bites you!
* * * LOW HITPOINT WARNING * * *
As you read the scroll labeled YZAKKA KIMU, it crumbles to dust.
The creatures around you are filled with an inner flame!
It was a scroll of immolation.
Your ball python bites the worker ant.
Your ball python constricts the worker ant.
The worker ant closely misses you.
As you read the scroll labeled RIRCHI PIEBADITS, it crumbles to dust.
You feel strangely unstable.
It was a scroll of teleportation.
Joseph unwields a +0 quarterstaff.
Joseph wields a +0 hunting sling.
Joseph shoots a sling bullet.
The sling bullet hits you!
Ouch! That really hurt!
You die...

#...#..####..#.#
+................
#.............#.....
#...................
#.............#.$.>.
#...................
#.........S...#.....
#........@a.........
######@####..#)#.#.
.........###........
.........#..........
.........#.....##...
.........@.$...# .
.........#.....#
.........#.....#
.........#.....#


You could see Joseph, a worker ant (inner flame) and a friendly ball python
(inner flame).

Vanquished Creatures
  A worm (D:2)
  A dart slug (D:2)
  A leopard gecko (D:6)
  A ball python (D:6)
  2 jackals (D:6)
  A kobold (D:2)
  2 bats (D:2)
  A frilled lizard (D:2)
  2 rats (D:2)
12 creatures vanquished.

Notes
Turn   | Place    | Note
-------+----------+-------------------------------------------
     0 | D:1      | doot the Merfolk Transmuter began the quest for the Orb.
     0 | D:1      | Reached XP level 1. HP: 15/15 MP: 3/3
   375 | D:2      | Reached XP level 2. HP: 10/21 MP: 3/5
   379 | D:2      | Learned a level 2 spell: Sticks to Snakes
   624 | D:3      | You fall through a shaft for 3 floors!
   653 | D:6      | HP: 1/21 [ball python (1)]
  1032 | D:6      | Found a transporter.
  1036 | D:6      | Noticed a kobold demonologist
  1048 | D:6      | Got a crystal rapier
  1049 | D:6      | Identified the +3 rapier "Vaozien" {pierce, +Blink rPois
                  | rF+++ Int-5} (You found it on level 6 of the Dungeon)
  1062 | D:6      | Found a transporter.
  1071 | D:6      | Noticed a kobold demonologist
  1140 | D:6      | Noticed a sky beast
  1148 | D:6      | Noticed a black bear
  1175 | D:6      | You fall through a shaft!
  1175 | D:7      | Found a staircase to the Ecumenical Temple.
  1175 | D:7      | Noticed Joseph
  1193 | D:7      | Shot with a sling bullet by Joseph

Skill      XL: |  1  2 |
---------------+-------+-----
Dodging        | 3 |  3.0
Transmutations | 3 |  3.0
Fighting       | |  1.1
Unarmed Combat | |  3.7
Spellcasting   | |  2.2

Action                   || total
-------------------------++-------
Melee: Unarmed           ||    47
       Headbutt          ||    10
 Cast: Beastly Appendage ||    11
       Sticks to Snakes  ||     2
  Use: Scroll            ||     2
Armor: Robe              ||    12
Dodge: Dodged            ||    40
